 Dungeon Crawl Stone Soup version 0.23-a0-619-g281719c (webtiles) character file.

215 Lanoc the Stinger (level 6, -10/41 HPs)
             Began as a Formicid Venom Mage on Dec 22, 2018.
             Mangled by a hornet zombie (12 damage)
             ... on level 4 of the Dungeon.
             The game lasted 00:14:37 (3016 turns).

Lanoc the Stinger (Formicid Venom Mage)             Turns: 3016, Time: 00:14:38

Health: -10/41     AC:  5    Str: 13    XL:     6   Next: 15%
Magic:  10/11      EV: 12    Int: 16    God:
Gold:   106        SH:  0    Dex: 11    Spells: 5/12 levels left

rFire    . . .     SeeInvis +   r - +0 dagger (venom)
rCold    . . .     Gourm    .   (no shield)
rNeg     . . .     Faith    .   q - +2 robe {MR+}
rPois    .         Spirit   .   (helmet unavailable)
rElec    .         Reflect  .   h - +0 cloak
rCorr    .         Harm     .   (no gloves)
MR       +....                  (no boots)
Stlth    ++........             (no amulet)
HPRegen  0.13/turn              d - ring of teleportation (curse)
MPRegen  0.12/turn              (no ring)

@: no status effects
A: permanent stasis, dig shafts and tunnels, four strong arms, antennae 3
a: Dig, Shaft Self


You were on level 4 of the Dungeon.
You were not hungry.

You visited 1 branch of the dungeon, and saw 4 of its levels.

You collected 106 gold pieces.

Inventory:

Hand Weapons
 r - a +0 dagger of venom (weapon)
Armour
 h - a +0 cloak (worn)
 q - a +2 robe of magic resistance (worn)
Jewellery
 d - a cursed ring of teleportation (left hand)
Wands
 s - a wand of disintegration (7)
Scrolls
 b - 2 scrolls of noise {unknown}
 e - 3 scrolls of teleportation {unknown}
 g - 2 scrolls of amnesia {unknown}
 i - a scroll of magic mapping {unknown}
 k - 3 scrolls of identify {unknown}
 l - 2 scrolls of enchant armour {unknown}
 m - 2 scrolls of fear {unknown}
 u - a scroll of enchant weapon {unknown}
 v - a scroll of fog {unknown}
Potions
 f - a potion of brilliance
 n - a potion of cancellation
 p - a potion of degeneration {unknown}
 t - a potion of invisibility {unknown}
Comestibles
 c - 9 rations
 w - 2 chunks of flesh


   Skills:
 - Level 1.7 Dodging
 - Level 2.4 Stealth
 + Level 3.8 Spellcasting
 - Level 0.8 Conjurations
 * Level 7.3 Poison Magic


You had 5 spell levels left.
You knew the following spells:

 Your Spells              Type           Power        Failure   Level  Hunger
a - Sting                 Conj/Pois      ###.         3%          1    None
b - Olgreb's Toxic Radia  Pois           ####....     9%          4    ####...
c - Poisonous Vapours     Pois/Air       ##....       6%          2    ##.....

Your spell library contained the following spells:

 Spells                   Type           Power        Failure   Level  Hunger
 Summon Small Mammal      Summ           #...         17%         1    None
 Mephitic Cloud           Conj/Pois/Air  ##......     17%         3    ###....
 Call Imp                 Summ           #.......     26%         2    ##.....
 Call Canine Familiar     Summ           #.......     45%         3    ###....
 Summon Guardian Golem    Hex/Summ       #.......     45%         3    ###....
 Venom Bolt               Conj/Pois      ###.......   65%         5    ######.
 Summon Ice Beast         Ice/Summ       #.......     86%         4    ####...
 Summon Lightning Spire   Summ/Air       #.......     86%         4    ####...


Dungeon Overview and Level Annotations

Branches:
Dungeon (4/15)
 Temple: D:4-7

Altars:
Qazlal
Trog
Yredelemnul


Innate Abilities, Weirdness & Mutations

You cannot be hasted, slowed, berserked, paralysed or teleported.
You can dig through walls and to a lower floor.
Your four strong arms can wield two-handed weapons with a shield.
You have a pair of large antennae on your head. (SInv)


Message History

The hornet zombie hits you but does no damage.
The hornet zombie hits you.
* * * LOW HITPOINT WARNING * * *
It was a potion of resistance.
You feel protected.
The hornet zombie hits you but does no damage.
It was a potion of cancellation.
Your magical effects are unravelling.
You feel magically purged.
You feel less wooden.
Your +0 cloak unmelds from your body.
Your +2 robe of magic resistance unmelds from your body.
You feel resistant to hostile enchantments.
You feel a little less clever now.
Your resistance to elements expires.
The hornet zombie hits you.
* * * LOW HITPOINT WARNING * * *
It was a potion of berserk rage.
Your stasis prevents you from going berserk.
The hornet zombie hits you!
You die...

#......#
####.#.######### {{
...................
#####.#...#......(.
...##..#.######.
##............#
#.###..#...#.# #
#..#...#.#
#..#..@#.#
#..#..Z#.# #
#...#.###
.....#...#
......#####
....#.... ##..#####
#.


You could see a hornet zombie.

Vanquished Creatures
  A hound (D:4)
  Terence (D:2)
  A worker ant (D:4)
  6 adders
  2 oozes
  3 worms
  A dart slug (D:1)
  An orc (D:3)
  5 giant cockroaches
  11 goblins
  7 hobgoblins
  A jackal (D:3)
  5 kobolds
  A quokka (D:3)
  A ball python (D:2)
  10 bats
  3 frilled lizards
  5 rats
65 creatures vanquished.

Notes
Turn   | Place    | Note
-------+----------+-------------------------------------------
     0 | D:1      | Lanoc the Formicid Venom Mage began the quest for the Orb.
     0 | D:1      | Reached XP level 1. HP: 13/13 MP: 3/3
   136 | D:1      | Reached XP level 2. HP: 18/19 MP: 1/5
   740 | D:1      | Reached skill level 5 in Poison Magic
   740 | D:1      | Reached XP level 3. HP: 23/24 MP: 3/6
  1240 | D:2      | Reached XP level 4. HP: 13/30 MP: 0/8
  1359 | D:2      | Found a bloodstained altar of Trog.
  1763 | D:2      | Noticed Terence
  1876 | D:2      | Killed Terence
  1982 | D:2      | Learned a level 4 spell: Olgreb's Toxic Radiance
  1985 | D:2      | Learned a level 2 spell: Poisonous Vapours
  2001 | D:3      | Reached skill level 6 in Poison Magic
  2032 | D:3      | Reached XP level 5. HP: 27/35 MP: 0/9
  2776 | D:3      | Found a basalt altar of Yredelemnul.
  2777 | D:3      | Found a stormy altar of Qazlal.
  2941 | D:4      | Reached skill level 7 in Poison Magic
  2978 | D:4      | Reached XP level 6. HP: 38/41 MP: 6/11
  3015 | D:4      | HP: 2/41 [hornet zombie (6)]
  3016 | D:4      | Mangled by a hornet zombie

Vault maps used:
D:1:      tarquinn_simple_flora_water_e
D:2:      minmay_alternating_diamond, lemuel_doored_altar, first_ration,
          hex_medium, uniq_terence
D:3:      chequers_temple_overflow_statue_of_worship, nrook_mini_vaults
D:4:      temple_doors_e, uniq_blork_the_orc, uniq_edmund, uniq_pikel

Skill      XL: |  1  2  3  4  5 |
---------------+----------------+-----
Poison Magic   | 5 6 7 |  7.3
Spellcasting   | 3 |  3.8
Dodging        | |  1.7
Stealth        | |  2.4
Conjurations   | |  0.8

Action                   |  1- 3 |  4- 6 || total
-------------------------+-------+-------++-------
Melee: Unarmed           |    81 |    32 ||   113
       Dagger            |       |    47 ||    47
 Cast: Sting             |    69 |    49 ||   118
       Poisonous Vapours |       |     6 ||     6
       Olgreb's Toxic Ra |       |     2 ||     2
  Use: Potion            |       |     5 ||     5
 Stab: Sleeping          |       |     4 ||     4
  Eat: Chunk             |     2 |     7 ||     9
Armor: Robe              |    38 |    25 ||    63
       Skin              |       |     2 ||     2
Dodge: Dodged            |    67 |    61 ||   128

Table legend:
 A = Non-vault XP
 B = Vault XP
 C = Vault XP percentage of total XP
 D = Non-vault monster count
 E = Vault monster count
 F = Vault count percentage of total count
                 A         B        C        D         E       F
            +---------+---------+-------+---------+---------+-------
      Total |     257 |      51 |  16.6 |      57 |       8 |  12.3
            +---------+---------+-------+---------+---------+-------
        D:1 |      31 |       0 |   0.0 |      14 |       0 |   0.0
        D:2 |      32 |      51 |  61.4 |      12 |       8 |  40.0
        D:3 |     104 |       0 |   0.0 |      28 |       0 |   0.0
        D:4 |      90 |       0 |   0.0 |       3 |       0 |   0.0
            +---------+---------+-------+---------+---------+-------
